Map: 瑟拉斯废墟

Players

KidDynamite - Winner!

  • Race: Zerg Zerg
  • League: Platinum

shengy

  • Race: Zerg Zerg
  • League: Platinum

VOD

Have the link to the VOD?

Description

Time

  • Played on: Dec. 28, 2015, 8:55 p.m.
  • Length: 4:13
Show
View Real Time Build Order
Export as new Build Order

KidDynamite Zerg - Winner!

Build Orders: Pool First 

Get SALT Encoding   

  12  0:02  Drone  
  13  0:13  Overlord  
  13  0:18  Drone  
  14  0:32  Drone x2, Extractor  
  15  0:35  Drone  
  16  0:49  Spawning Pool  
  15  0:52  Drone  
  16  0:57  Drone  
  17  1:08  Drone  
  18  1:18  Overlord  
  18  1:32  Overlord  
  18  1:36  Queen  
  18  1:38  Metabolic Boost  
  20  1:43  Zergling x2  
  21  1:52  Zergling x2  
  22  2:06  Hatchery  
  21  2:18  Baneling Nest  
  20  2:25  Zergling x4  
  20  2:26  Zergling x2  
  23  2:38  Overlord  
  23  2:46  Zergling x6  
  26  2:56  Zergling x2  
  27  3:05  Baneling  
  27  3:12  Zergling x4  
  28  3:33  Baneling x3  
  28  3:34  Zergling x8  
Show
View Real Time Build Order
Export as new Build Order

shengy Zerg 

Build Orders: Pool First 

Get SALT Encoding   

  12  0:00  Drone  
  13  0:11  Drone  
  14  0:18  Overlord  
  14  0:35  Spawning Pool  
  13  0:39  Drone  
  14  0:43  Drone  
  14  0:47  Drone  
  16  0:52  Drone  
  17  1:08  Drone  
  18  1:19  Hatchery  
  18  1:24  Zergling x2  
  18  1:36  Queen  
  20  1:45  Overlord  
  20  1:47  Drone  
  21  1:58  Extractor  
  20  2:03  Drone, Zergling x2  
  22  2:25  Drone  
  22  2:26  Drone  
  24  2:31  Zergling x2  
  24  2:34  Queen  
  24  2:36  Drone  
  28  2:49  Baneling Nest  
  28  2:50  Drone x2  
  28  2:51  Drone  
  30  2:52  Evolution Chamber  
  29  3:06  Zergling x4  
  29  3:07  Zergling x6  
  34  3:33  Zergling x2  
  34  3:34  Zergling x2  
  36  3:36  Spine Crawler  
  36  3:38  Overlord  
  36  3:39  Overlord  
  26  4:08  Extractor  
Tags
 
Add a new tag
Caveats
  • Supply blocks, unpowered buildings, or Contaminate may cause inaccurate times.
  • Supply counts are checked every 10 seconds.